 Seeded DCSS version 0.29.1-15-g9cfb28693d (webtiles) character file.

Game seed: 8359173621991027835 (custom seed)

396 Gelion the Shooter (level 6, 0/36 HPs)
             Began as a Deep Elf Hunter on Mar 15, 2023.
             Was an Initiate of Hepliaklqana.
             Slain by an orc
             ... wielding a +0 mace
              (6 damage)
             ... on level 5 of the Dungeon.
             The game lasted 00:09:43 (3641 turns).

Gelion the Shooter (Deep Elf Hunter)                Turns: 3641, Time: 00:09:44

Health: 0/36       AC:  3    Str:  8    XL:     6   Next: 52%
Magic:  9/9        EV: 13    Int: 14    God:    Hepliaklqana [......]
Gold:   121        SH:  0    Dex: 20    Spells: 5/5 levels left

rFire   . . .      SeeInvis .   a - +0 shortbow
rCold   . . .      Faith    .   (shield currently unavailable)
rNeg    . . .      Spirit   .   c - +0 leather armour
rPois   .          Reflect  .   (no helmet)
rElec   .          Harm     .   r - scarf {repulsion}
rCorr   .          Rampage  .   (no gloves)
Will    .....                   (no boots)
Stlth   ++........              (no amulet)
HPRegen 0.12/turn               (no ring)
MPRegen 0.11/turn               (no ring)

@: repel missiles
A: no striking features
a: Renounce Religion


You were on level 5 of the Dungeon.
You worshipped Hepliaklqana.
Hepliaklqana was noncommittal.
You visited 2 branches of the dungeon, and saw 8 of its levels.

You collected 196 gold pieces.
You spent 75 gold pieces at shops.

Inventory:

Hand Weapons
 a - a +0 shortbow (weapon)
Armour
 c - a +0 leather armour (worn)
 l - a +0 cloak
 r - a scarf of repulsion (worn)
Scrolls
 b - 2 scrolls of immolation
 d - a scroll of magic mapping {unknown}
 f - a scroll of amnesia {unknown}
 h - 2 scrolls of vulnerability
 i - a scroll of poison {unknown}
 j - a scroll of summoning
 m - a scroll of butterflies {unknown}
 p - 2 scrolls of enchant weapon
 s - a scroll of torment {unknown}
 t - a scroll of teleportation {unknown}
Potions
 e - a potion of mutation {unknown}
 g - 6 potions of curing
 k - a potion of ambrosia {unknown}
 n - 2 potions of might {unknown}
 q - 3 potions of lignification


   Skills:
 + Level 2.9 Fighting
 * Level 7.7 Ranged Weapons
 + Level 4.2 Dodging
 - Level 3.0 Stealth
 + Level 2.0 Invocations


You had 5 spell levels left.
You didn't know any spells.
Your spell library was empty.

Dungeon Overview and Level Annotations

Branches:
Dungeon (7/15)             Temple (1/1) D:4

Altars:
Ashenzari
Cheibriados
Dithmenos
Elyvilon
Fedhas
Gozag
Hepliaklqana
Kikubaaqudgha
Makhleb
Nemelex Xobeh
Okawaru
Qazlal
Ru
Uskayaw
Vehumet
Wu Jian
Xom
Yredelemnul

Shops:
D:2 :?*(:


Message History

The orc closely misses you.
You shoot an arrow. The arrow hits the orc!
You kill the orc!
The orc hits you but does no damage.
You shoot an arrow. The arrow hits the orc.
You kill the orc!
The orc misses you. The orc hits you with a +0 mace.
You shoot an arrow.
The arrow hits the orc but does no damage.
The orc hits you with a +0 mace.
You shoot an arrow.
The arrow hits the orc but does no damage.
The orc misses you.
You shoot an arrow. The arrow barely misses the orc.
The orc hits you with a +0 mace.
You shoot an arrow. The arrow barely misses the orc.
The orc completely misses you.
You shoot an arrow. The arrow barely misses the orc.
The orc hits you with a +0 mace.
You are too injured to fight recklessly!
You are too injured to fight recklessly!
You are too injured to fight recklessly!
You are too injured to fight recklessly!
You are too injured to fight recklessly!
You are too injured to fight recklessly!
You are too injured to fight recklessly!
Fire: a) +0 shortbow
Press: ? - help, Q - select action Shift-Dir - straight line, f/p - orc
Aim: an orc, wielding a +0 mace and wearing a +0 ring mail (69% to hit)
You shoot an arrow. The arrow closely misses the orc.
The orc hits you with a +0 mace.
Fire: a) +0 shortbow
Press: ? - help, Q - select action Shift-Dir - straight line, f/p - orc
Aim: an orc, wielding a +0 mace and wearing a +0 ring mail (69% to hit)
You shoot an arrow. The arrow hits the orc.
The orc is heavily wounded.
The orc hits you with a +0 mace.
* * * LOW HITPOINT WARNING * * *
The orc hits you with a +0 mace.
You die...

#..... ###.....
.######### #.......
.$.......########.#.....
..............#...####.#
...(........#...........
.........##.....###....#
......)..##..#### #....#
.$.)..o@.##..# #..<.#
.###..)......# #....#
#..).######## ....(.#
.$.##. .##....# .. .
#....# . ## . #


You could see an orc.

Vanquished Creatures
  A sky beast (D:7)
  A necrophage (D:4)
  2 orc wizards
  An adder (D:4)
  A worm (D:4)
  2 dart slugs
  6 orcs
  7 ball pythons
  2 bats
  2 endoplasms
  2 giant cockroaches
  7 goblins
  9 hobgoblins
  5 kobolds
  A quokka (D:3)
  4 frilled lizards
  7 rats
60 creatures vanquished.

Vanquished Creatures (collateral kills)
  Edmund (D:5)
1 creature vanquished.

Vanquished Creatures (others)
  A demonic plant (D:1)
  A withered plant (D:1)
2 creatures vanquished.

Grand Total: 63 creatures vanquished

Notes
Turn   | Place    | Note
-------+----------+-------------------------------------------
     0 | D:1      | Gelion the Deep Elf Hunter began the quest for the Orb.
     0 | D:1      | Reached XP level 1. HP: 12/12 MP: 3/3
    54 | D:1      | Reached XP level 2. HP: 17/17 MP: 4/4
   175 | D:1      | Found a faded altar of an unknown god.
   720 | D:2      | Found Gafucs's Book Emporium.
   827 | D:2      | Found a burning altar of Makhleb.
   828 | D:2      | Found Vecai's Assorted Antiques.
   833 | D:2      | Bought a scroll labelled XYWU SIAKUX for 25 gold pieces
   833 | D:2      | Bought a scroll labelled VEFRICICIO for 25 gold pieces
   833 | D:2      | Bought a scroll labelled XYWU SIAKUX for 25 gold pieces
   846 | D:2      | Found Bokuok's Book Shop.
   859 | D:2      | Found Zemnoem's Magic Scroll Boutique.
   892 | D:2      | Reached XP level 3. HP: 20/21 MP: 5/5
   910 | D:2      | Found Niroec's Antique Weapon Emporium.
  1593 | D:3      | Reached skill level 6 in Ranged Weapons
  2124 | D:4      | Found a staircase to the Ecumenical Temple.
  2310 | D:4      | Reached XP level 4. HP: 26/26 MP: 6/6
  2660 | Temple   | Entered the Ecumenical Temple
  2756 | Temple   | Became a worshipper of Hepliaklqana the Forgotten
  2913 | D:4      | Noticed a necrophage
  2923 | D:4      | Killed a necrophage
  2924 | D:4      | Reached XP level 5. HP: 22/31 MP: 7/7
  3107 | D:4      | You fall into a shaft and drop 3 floors!
  3135 | D:7      | Noticed a sky beast
  3158 | D:7      | Killed a sky beast
  3159 | D:7      | Reached skill level 7 in Ranged Weapons
  3159 | D:7      | Reached skill level 1 in Invocations
  3159 | D:7      | Reached XP level 6. HP: 21/36 MP: 7/9
  3307 | D:5      | Entered Level 5 of the Dungeon
  3307 | D:5      | Noticed Edmund
  3349 | D:5      | Killed Edmund
  3641 | D:5      | Slain by an orc

Illustrated notes

Levels and vault maps discovered:
D:1:      lightli_molten_gateway, layout_loops_ring,
          shapermc_ecumenical_altar_gd
D:2:      layout_basic, basic_altar, serial_shops, shop, shop, shop,
          nicolae_shop_trees, nicolae_shop_temple_entry_statues_fountains,
          minivault_4
D:3:      layout_basic
D:4:      layout_basic, lemuel_blue_sif_altar, minmay_temple_entry_grid
D:5:      layout_rooms, lemuel_round_altar, uniq_edmund
D:6:      nicolae_cairo_tiling_large, layout_basic,
          gammafunk_temple_overflow_forgotten, moated_statue,
          kennysheep_generic_room_8, uniq_pikel, uniq_maggie
D:7:      layout_loops_corners, grunt_decor_cap
Temple:   minmay_temple_bridge_d

Skill      XL: |  1  2  3  4  5  6 |
---------------+-------------------+-----
Stealth        | 2 3 |  3.0
Fighting       | 2 |  2.9
Dodging        | 3 4 |  4.2
Ranged Weapons | 6 7 |  7.7
Invocations    | 1 2 |  2.0

Action                   |  1- 3 |  4- 6 || total
-------------------------+-------+-------++-------
Melee: Shortbow          |       |     1 ||     1
 Fire: Shortbow          |   116 |    68 ||   184
  Use: Scroll            |       |     7 ||     7
Armor: Leather armour    |     6 |     8 ||    14
Dodge: Dodged            |    26 |    20 ||    46
